 Dungeon Crawl Stone Soup version 0.32-a0-918-g0f22ef8d61 (webtiles) character file.

Game seed: 14171547586054428775

54 601d51SH the Poker (level 3, -8/35 HPs)
             Began as a Gnoll Cinder Acolyte on Apr 10, 2024.
             Was a High Priest of Ignis.
             Mangled by Sigmund
             ... wielding a +1 heavy scythe
              (20 damage)
             ... on level 3 of the Dungeon on Apr 11, 2024.
             The game lasted 00:04:34 (2117 turns).

601d51SH the Poker (Gnoll Cinder Acolyte)           Turns: 2117, Time: 00:04:35

Health: -8/35      AC:  3    Str: 15    XL:     3   Next: 91%
Magic:  3/7        EV: 10    Int: 13    God:    Ignis [*****.]
Gold:   66         SH:  0    Dex:  7    Spells: 5/7 levels left

rFire   + . .        p - +2 short sword (speed)
rCold   . . .        (no shield)
rNeg    . . .        j - +0 leather armour
rPois   .            (no helmet)
rElec   .            (no cloak)
rCorr   .            (no gloves)
SInv    .            (no boots)
Will    .....        (no amulet)
Stlth   +            (no ring)
HPRegen 0.25/turn    (no ring)
MPRegen 0.10/turn

%: no passive effects
@: lethally poisoned (-8 -> -10)
A: fangs 1, strong nose, distributed training
a: Renounce Religion, Fiery Armour, Foxfire Swarm, Rising Flame


You were on level 3 of the Dungeon.
You worshipped Ignis.
Ignis was extremely pleased with you.
You visited 1 branch of the dungeon, and saw 3 of its levels.

You collected 66 gold pieces.

Inventory:

Hand Weapons
 a - a -1 spear of flaming
 g - a +0 dagger of electrocution
 p - a +2 short sword of speed (weapon)
Missiles
 d - 6 poisoned darts (quivered)
 e - 10 stones
Armour
 b - a +0 robe
 j - a +0 leather armour (worn)
 k - a +0 ring mail
Talismans
 c - a blade talisman
 n - a storm talisman
Scrolls
 f - a scroll of noise {unknown}
 i - 2 scrolls of enchant weapon {unknown}
 l - a scroll of revelation {unknown}
 m - a scroll of identify {unknown}
 o - a scroll of fear {unknown}
Potions
 h - 2 potions of curing {unknown}


   Skills:
 + Level 6.5 Fighting
 + Level 1.0 Short Blades
 + Level 1.0 Long Blades
 + Level 1.0 Axes
 + Level 1.0 Maces & Flails
 + Level 6.5 Polearms
 + Level 1.0 Staves
 + Level 1.0 Ranged Weapons
 + Level 1.0 Throwing
 + Level 1.0 Armour
 + Level 1.0 Dodging
 + Level 1.0 Stealth
 + Level 1.0 Shields
 + Level 1.0 Unarmed Combat
 + Level 2.9 Spellcasting
 + Level 0.7 Conjurations
 + Level 0.7 Hexes
 + Level 0.7 Summonings
 + Level 0.7 Necromancy
 + Level 0.7 Translocations
 + Level 5.4 Fire Magic
 + Level 0.7 Ice Magic
 + Level 0.7 Air Magic
 + Level 0.7 Earth Magic
 + Level 0.7 Alchemy
 + Level 1.1 Invocations
 + Level 1.0 Evocations
 + Level 0.9 Shapeshifting


You had 5 spell levels left.
You knew the following spells:

 Your Spells              Type           Power      Damage    Failure   Level
a - Scorch                Fire           32%        2d6       4%          2

Your spell library contained the following spells:

 Spells                   Type           Power      Damage    Failure   Level
 Sting                    Conj/Alch      12%        1d3       22%         1
 Mercury Vapours          Alch/Air       6%         N/A       32%         2
 Mephitic Cloud           Conj/Alch/Air  3%         N/A       54%         3
 Olgreb's Toxic Radiance  Alch           3%         N/A       91%         4
 Freezing Cloud           Conj/Ice/Air   1%         6-21      99%         5


Dungeon Overview and Level Annotations

Branches:
Dungeon (3/15)

Altars:

Annotations:
D:3 Sigmund


Innate Abilities, Weirdness & Mutations

You have very sharp teeth.
Your uncanny sense of smell can sniff out nearby items.
Your experience applies equally to all skills.


Message History

You feel sick. The adder bites you. Something hits you.
Casting: Scorch (safe; 4% risk of failure)
Confirm with . or Enter, or press ? or * to list all spells.
Flames lash something.
You feel sick. The adder bites you but does no damage.
Casting: Scorch (safe; 4% risk of failure)
Confirm with . or Enter, or press ? or * to list all spells.
Flames lash the adder.
The adder is moderately wounded.
The adder's fire resistance burns away.
You feel sick. The adder barely misses you.
You hit the adder.
The adder is severely wounded.
You feel sick. The adder barely misses you.
Something hits you but does no damage.
You closely miss the adder.
The adder is severely wounded.
The adder closely misses you.
You barely miss the adder.
The adder is severely wounded.
You feel sick.
You are no longer poisoned.
The adder barely misses you.
You miss the adder. Your bite misses the adder.
The adder is severely wounded.
The adder is no longer more vulnerable to fire.
The adder bites you.
You are poisoned.
The adder poisons you!
You hear some strange, mumbled words.
A puff of flame appears from out of thin air!
The puff of flame hits you. You resist.
You hit the adder but do no damage.
The adder is severely wounded.
You feel sick. The adder barely misses you.
You barely miss the adder.
The adder is severely wounded.
You feel sick. Something hits you!!
Ouch! That really hurt!
You die...
Ignis goes out, and joins you in death.

∆ .#. #..## #.##...... #.#
#...# #.#...#.# #.# #...#
....... #.#####...####
#...##### ####............#
#........
#...<.#.........######....####
#.....#.........#.............
#..................†..........
#.....##....S@.{#.............
#.....##........####...†...###
########........# #.#........
##.#....## #.......###
#.#..#.. #..@....# #.##.....
#.........# #.
##...............#
....#.........# ............##


You could see an adder.

Vanquished Creatures
  3 adders (D:2)
  An endoplasm (D:3)
  A giant cockroach (D:3)
  2 goblins (D:2)
  A hobgoblin (D:2)
  4 jackals (D:1)
  4 kobolds
  2 quokkas
  2 ball pythons (D:2)
  3 bats
  A frilled lizard (D:3)
  3 rats
27 creatures vanquished.

Notes
Turn   | Place    | Note
-------+----------+-------------------------------------------
     0 | D:1      | 601d51SH the Gnoll Cinder Acolyte began the quest for the
                  | Orb.
     0 | D:1      | Reached XP level 1. HP: 23/23 MP: 4/4
   254 | D:1      | Found a faded altar of an unknown god.
   401 | D:1      | Reached XP level 2. HP: 28/29 MP: 5/5
   428 | D:1      | Learned a level 2 spell: Scorch
  1554 | D:2      | Reached XP level 3. HP: 35/35 MP: 7/7
  1633 | D:2      | Reached skill level 1 in Invocations
  1930 | D:2      | Reached skill level 1 in Short Blades
  1930 | D:2      | Reached skill level 1 in Long Blades
  1930 | D:2      | Reached skill level 1 in Axes
  1930 | D:2      | Reached skill level 1 in Maces & Flails
  1930 | D:2      | Reached skill level 1 in Staves
  1930 | D:2      | Reached skill level 1 in Ranged Weapons
  1930 | D:2      | Reached skill level 1 in Throwing
  1930 | D:2      | Reached skill level 1 in Armour
  1930 | D:2      | Reached skill level 1 in Dodging
  1930 | D:2      | Reached skill level 1 in Stealth
  1930 | D:2      | Reached skill level 1 in Shields
  1930 | D:2      | Reached skill level 1 in Unarmed Combat
  1930 | D:2      | Reached skill level 1 in Evocations
  2092 | D:3      | Noticed Sigmund
  2117 | D:3      | Mangled by Sigmund

Illustrated notes

Levels and vault maps discovered:
D:1:      wander_arrival_peaceful_grave, layout_basic,
          dilly_ecumenical_altar_fadedgnrine, minmay_shallow_snake_nest
D:2:      layout_loops_corners
D:3:      layout_loops_cross, lemuel_blue_sif_altar, uniq_sigmund

Skill      XL: |  1  2  3 |
---------------+----------+-----
Invocations    | 1 |  1.1
Short Blades   | 1 |  1.0
Long Blades    | 1 |  1.0
Axes           | 1 |  1.0
Maces & Flails | 1 |  1.0
Staves         | 1 |  1.0
Ranged Weapons | 1 |  1.0
Throwing       | 1 |  1.0
Armour         | 1 |  1.0
Dodging        | 1 |  1.0
Stealth        | 1 |  1.0
Shields        | 1 |  1.0
Unarmed Combat | 1 |  1.0
Evocations     | 1 |  1.0
Fighting       | |  6.5
Polearms       | |  6.5
Spellcasting   | |  2.9
Conjurations   | |  0.7
Hexes          | |  0.7
Summonings     | |  0.7
Necromancy     | |  0.7
Translocations | |  0.7
Fire Magic     | |  5.4
Ice Magic      | |  0.7
Air Magic      | |  0.7
Earth Magic    | |  0.7
Alchemy        | |  0.7
Shapeshifting  | |  0.9

Action                     || total
---------------------------++-------
  Melee: Spear             ||    69
         Bite              ||     3
         Short sword       ||    13
   Cast: Scorch            ||     7
   Stab: Sleeping          ||     1
 Armour: Robe              ||     3
         Leather armour    ||    32
  Dodge: Dodged            ||    33

Table legend: (Time is in decaauts)
 A = Elapsed time spent in this place.
 B = Non-inter-level travel time spent in this place.
 C = Inter-level travel time spent in this place.
 D = Time resting spent in this place.
 E = Time spent auto-exploring this place.
 F = Levels seen in this place.
 G = Mean time per level.
                   A        B        C        D        E       F      G
               +--------+--------+--------+--------+--------+-----+--------+
         Total |   2096 |   2034 |     62 |    134 |   1600 |   3 |  698.7 |
       Dungeon |   2096 |   2034 |     62 |    134 |   1600 |   3 |  698.7 |
               +--------+--------+--------+--------+--------+-----+--------+

Top non-repeatable levels by time:
     D:1: 1046 daAuts
     D:2: 958 daAuts
     D:3: 91 daAuts
